 Dungeon Crawl Stone Soup version 0.29-a0-322-g68df515428 (webtiles) character file.

Game seed: 11379868570046484822

16 ImHallYall the Magician (level 2, -1/23 HPs)
             Began as a Djinni Warper on Apr 6, 2022.
             Slain by a frilled lizard (2 damage)
             ... on level 1 of the Dungeon.
             The game lasted 00:02:31 (552 turns).

ImHallYall the Magician (Djinni Warper)              Turns: 552, Time: 00:02:31

Health: -1/23      AC:  4    Str: 10    XL:     2   Next: 70%
Gold:   37         EV: 11    Int: 14    God:
                   SH:  0    Dex: 12

rFire   + + .      SeeInvis .   a - +0 falchion
rCold   x . .      Faith    .   (no shield)
rNeg    . . .      Spirit   .   b - +0 leather armour
rPois   ∞          Reflect  .   (no helmet)
rElec   .          Harm     .   (no cloak)
rCorr   .          Rampage  .   i - +0 pair of gloves
Will    .....                   (boots unavailable)
Stlth   +.........              (no amulet)
HPRegen 0.07/turn               (no ring)
MPRegen 0.00/turn               (no ring)

@: flying
A: sickness immunity, fire resistance 2, cold vulnerability 1, float, innate
caster, HP casting, extra vitality 1
a: no special abilities


You were on level 1 of the Dungeon.
You visited 1 branch of the dungeon, and saw 1 of its levels.

You collected 37 gold pieces.

Inventory:

Hand Weapons
 a - a +0 falchion (weapon)
Missiles
 d - 5 boomerangs of dispersal (quivered)
Armour
 b - a +0 leather armour (worn)
 i - a +0 pair of gloves (worn)
Scrolls
 e - a scroll of immolation {unknown}
 f - a scroll of enchant weapon {unknown}
Potions
 g - a potion of ambrosia {unknown}
 h - a potion of mutation {unknown}


   Skills:
 + Level 2.0 Fighting
 + Level 1.9 Long Blades
 + Level 0.7 Throwing
 + Level 1.4 Armour
 + Level 2.3 Dodging
 + Level 2.7 Spellcasting


You couldn't memorise any spells.
You knew the following spells:

 Your Spells              Type           Power      Damage    Failure   Level
a - Blink                 Tloc           18%        N/A       14%         2
b - Lesser Beckoning      Tloc           9%         N/A       28%         3
c - Gell's Gravitas       Tloc           9%         N/A       28%         3
d - Teleport Other        Tloc           9%         N/A       28%         3
e - Manifold Assault      Tloc           9%         N/A       95%         5
Your spell library was empty.

Dungeon Overview and Level Annotations

Branches:
Dungeon (1/15)

Altars:


Innate Abilities, Weirdness & Mutations

You are immune to sickness and miasma.
You are immune to poison.
Your flesh is very heat resistant. (rF++)
You are vulnerable to cold. (rC-)
You float through the air rather than walking.
You learn spells naturally, not from books.
Your magical power is your life essence.
You have superior vitality. (+4 MHP)


Message History

You hit the frilled lizard but do no damage.
The frilled lizard is heavily wounded.
The giant cockroach closely misses you. The frilled lizard bites you.
* * * LOW HITPOINT WARNING * * *
The dart slug bites you but does no damage.
The giant cockroach bites you but does no damage.
The frilled lizard closely misses you.
The giant cockroach attacks as you move away!
The giant cockroach bites you.
* * * LOW HITPOINT WARNING * * *
Blink to where?
Press: ? - help, Dir - move target, p - dart slug
As you read the scroll of blinking, it crumbles to dust.
A frilled lizard comes into view.
Found a scroll labelled VAPIRO XOHAXKI.
A kobold comes into view. It is wielding a +0 whip.
The kobold hits you but does no damage. The kobold hits you but does no damage.
The kobold attacks as you move away! The kobold barely misses you.
The kobold attacks as you move away! The kobold closely misses you.
Found a leather armour.
The kobold attacks as you move away! The kobold barely misses you.
The giant cockroach waves its antennae.
The kobold completely misses you.
You see here a scroll labelled VAPIRO XOHAXKI.
You see here a +0 leather armour.
The kobold attacks as you move away! The kobold hits you with a +0 whip.
* * * LOW HITPOINT WARNING * * *
Throw: 6 boomerangs (disperse)
Press: ? - help, Q - select action, (/) - cycle Shift-Dir - straight line, f - kobold
Aim: a kobold, wielding a +0 whip (50% to hit)
You throw a boomerang of dispersal.
The boomerang of dispersal hits the kobold.
The kobold blinks!
The kobold is heavily wounded.
Unknown command.
You hit the frilled lizard.
You kill the frilled lizard!
The frilled lizard bites you.
You die...

#.# ######B# ###
.......# #..
######l# #.# #.#
#.#
######.#######.###
.......?.w[....K.#
#########
#####...######.#.#
#.......# #.....#
#.#@# #.#####.#
.......##
#.l.....# #.# #.#
#####.## #########
#.# #.. #.#
##8.8### #.# #..
#.# #......#
#.#####.. #+#
#......# #........
##..8...#
##.#.###.
#8......### #.#.#
#. #<......'.#
#.#.#.#.


You could see a kobold and a frilled lizard.

Vanquished Creatures
  A bat (D:1)
  A giant cockroach (D:1)
  A hobgoblin (D:1)
  4 jackals (D:1)
  A kobold (D:1)
  2 ball pythons (D:1)
  2 frilled lizards (D:1)
  A goblin (D:1)
  2 rats (D:1)
15 creatures vanquished.

Notes
Turn   | Place    | Note
-------+----------+-------------------------------------------
     0 | D:1      | ImHallYall the Djinni Warper began the quest for the Orb.
     0 | D:1      | Reached XP level 1. HP: 18/18 MP: 0/0
    94 | D:1      | Reached XP level 2. HP: 20/23 MP: 0/0
   542 | D:1      | HP: 1/23 [kobold/+0 whip (5)]
   552 | D:1      | Slain by a frilled lizard

Illustrated notes

Levels and vault maps discovered:
D:1:      mrwooster_arrival_statue_3, layout_loops_corners, moated_statue,
          minmay_hexomino_u4

Action                   || total
-------------------------++-------
Melee: Falchion          ||    48
Throw: Boomerang         ||     2
  Use: Scroll            ||     1
Armor: Leather armour    ||    37
Dodge: Dodged            ||    59

Table legend: (Time is in decaauts)
 A = Elapsed time spent in this place.
 B = Non-inter-level travel time spent in this place.
 C = Inter-level travel time spent in this place.
 D = Time resting spent in this place.
 E = Time spent auto-exploring this place.
 F = Levels seen in this place.
 G = Mean time per level.
                   A        B        C        D        E       F      G
               +--------+--------+--------+--------+--------+-----+--------+
         Total |    562 |    562 |      0 |      0 |    287 |   1 |  562.0 |
       Dungeon |    562 |    562 |      0 |      0 |    287 |   1 |  562.0 |
               +--------+--------+--------+--------+--------+-----+--------+

Top non-repeatable levels by time:
     D:1: 562 daAuts
